Unix NetHack Version 3.7.0-101 Work-in-progress - last build Mar 4 2024 02:26:32 (3c4ac04b664b9ee0831c739617f054b5b60dbfd1,branch:master). Game began 2024-03-20 19:55:05, ended 2024-03-20 20:15:59. laycre, lawful female dwarven Valkyrie ----- --------- |<..--- ------.......-- ------- --------------- |.....---|.........--..| |.....| ------- |...........).| --..|....|.---------|..| |.._..| |>....| --.---|--.----.| --.|-.....-- |..| |.....| ------ --....|--- |..|...|-.|.-..| --|........ ---- |..-- ---|--- |....-------..|..---|..|--.-..--|..| ----.|... |..----...-- |.| |..|......---.-.....-.--........--.| ----- |....|.....---- |.| |..|o----........--................| ------ |.............---.-- ---|.-..|-.......-|..--------|--..-- |%%%%| |....---...........----- |.|..||...{....|--|)........|..-- |....| |......|...|...........-- |@|..|--.......| |?!]%*%(*%|...| ---|--------....-------...---......-|@|------....--| -----------...| ------.---...-|...-- |..|-...|..---...|.-- .|...|....|------ |.......-- |..|-.........------ |..|--.....|-....|.....|..---...-|(((%| |.------- |..-...............-+---.-----..-|..........-|....|-...%.(*.| |.|...| -----.....{....----.............---...G%..... --...|...-|.%((| |.|...| |..............-- --.--.--------|.........-- |........|------ |.--|------- |.-----.........| |...|.|.(((| --.......- |...|....|--------.....|....| |...| --..------- |...|.-.(%(| ---...--- --..|...--......|...{.....-.| |...| ---- ------|.(((| ----- -----.....----........|..|(| ---- ------ ------- --------------- Laycre the Fighter St:18/01 Dx:11 Co:17 In:8 Wi:13 Ch:8 Lawful Dlvl:6 $:17 HP:0(59) Pw:9(9) AC:2 Xp:6/359 T:2761 Latest messages: You see here a leash (for sale, 27 zorkmids). You see here a bag (for sale, 1378 zorkmids). The yellowish brown gem will cost you 1200 zorkmids. b - a yellowish brown gem (unpaid, 1200 zorkmids). You drop a yellowish brown gem (unpaid, 1200 zorkmids). You see here an empty bag (for sale, 178 zorkmids). "For you, esteemed lady; only 178 zorkmids for this bag." d - an empty bag (unpaid, 178 zorkmids). You see here a yellowish brown gem (for sale, 1200 zorkmids). You see here a leash (for sale, 27 zorkmids). You drop an empty bag (unpaid, 178 zorkmids). There is an open door here. You see here a Mordor orc corpse. You hear crashing rock. The Mordor orc zaps a wand of magic missile! The magic missile hits you! The magic missile bounces! You hear the splashing of a naiad. The watch captain wields a silver saber! You hear someone beseeching Odin. Pick an object. The watch captain throws a knife! You are hit by a knife. You miss the giant beetle. The giant beetle bites! The Mordor orc zaps a wand of magic missile! The magic missile misses the watch captain. The magic missile hits you! The magic missile hits the giant beetle! What do you want to use or apply? [ekltwzF or ?*] ? In what direction? j The giant beetle is frightened by its reflection. The watch captain picks up a knife. You hit the giant beetle! The watch captain swings her silver saber. The watch captain hits! The watch captain swings her silver saber. The watch captain hits again! Are you sure you want to pray? [yes|no] yes You begin praying to Tyr. The Mordor orc zaps a wand of magic missile! The magic missile misses it. The magic missile hits the watch captain! The magic missile hits you! Valkyrie, your life force is running out. The watch captain swings her silver saber. The watch captain hits! You die... Do you want your possessions identified? [ynq] (y) y Do you want to see your attributes? [ynq] (y) q Inventory: Coins ('$') $ - 17 gold pieces Weapons (')') a - an uncursed rusty +1 dwarvish spear (weapon in right hand) B - an uncursed +0 elven dagger (alternate weapon; not wielded) f - a cursed -4 long sword Armor ('[') R - a cursed -1 helmet o - an uncursed rusty +0 orcish helm (being worn) S - an uncursed +0 pair of leather gloves T - an uncursed +0 pair of high boots U - an uncursed +0 pair of low boots c - an uncursed +3 small shield (being worn) q - an uncursed rusty +0 chain mail (being worn) V - an uncursed +0 studded leather armor Comestibles ('%') e - 2 uncursed cream pies N - an uncursed tripe ration W - an uncursed tin of soup made from giant bat meat i - 2 uncursed eggs Y - an uncursed lichen corpse Scrolls ('?') h - an uncursed scroll of create monster X - an uncursed scroll of magic mapping I - an uncursed scroll of remove curse P - an uncursed scroll of taming m - an uncursed scroll of teleportation Potions ('!') C - an uncursed potion of blindness x - a cursed potion of enlightenment Rings ('=') r - an uncursed ring of slow digestion Tools ('(') t - an uncursed blindfold F - an uncursed mirror l - an uncursed oil lamp k - an uncursed skeleton key z - 4 uncursed tallow candles Gems/Stones ('*') Q - an uncursed turquoise stone A - an uncursed worthless piece of blue glass J - an uncursed worthless piece of green glass v - 5 uncursed worthless pieces of red glass G - 3 uncursed worthless pieces of violet glass K - an uncursed worthless piece of yellowish brown glass s - a cursed worthless piece of yellowish brown glass w - a cursed touchstone Laycre the Valkyrie's attributes: Background: You were a Fighter, a level 6 dwarven Valkyrie. You were lawful, on a mission for Tyr who was opposed by Odin (neutral) and Loki (chaotic). You were right-handed. You were in the Gnomish Mines, on level 6. You entered the dungeon 2761 turns ago. You had 359 experience points, 281 more were needed to attain level 7. Basics: You had 0 out of 59 hit points. You had all 9 energy points (spell power). Your armor class was 2. Your wallet contained 17 zorkmids. Autopickup was on for '$=/!?"' plus thrown, with exceptions. Final Characteristics: Your strength was 18/01 (limit:18/100). Your dexterity was 11 (limit:20). Your constitution was 17 (limit:20). Your intelligence was 8 (limit:16). Your wisdom was 13 (limit:16). Your charisma was 8 (limit:16). Final Status: You weren't hungry. You were unencumbered. You were wielding a spear. You had basic skill with spear. Final Attributes: You were fervently aligned. You were cold resistant. You had infravision. You were stealthy. You were warded. You were unlucky. You are dead. Miscellaneous: You never encountered a bones level. Total elapsed playing time was 20 minutes and 54 seconds. Major events: Turn 1: laycre the lawful dwarven Valkyrie entered the dungeon 388: entered the Gnomish Mines 1004: attained the rank of Skirmisher (level 3) 1478: reached Mine Town 2517: attained the rank of Fighter (level 6) 2761: killed by a watch captain, while praying Vanquished creatures: a large mimic 2 small mimics 2 watchmen a dingo a Mordor orc a gray ooze 2 giant ants a floating eye a monkey an orc zombie a werejackal 2 hobbits a large kobold a hobgoblin a brown mold a yellow mold 11 gnomes a gecko 2 foxes a kobold 2 goblins 2 sewer rats 6 grid bugs 6 lichens 3 kobold zombies 2 newts 56 creatures vanquished. No species were genocided or became extinct. Voluntary challenges: You read items or engraved 4 times. You engraved Elbereth 3 times. You never genocided any monsters. You never polymorphed an object. You never changed form. You used no wishes. Achievements: You entered the Gnomish Mines. You attained the rank of Skirmisher. You entered Minetown. You entered a shop. You entered a temple. You attained the rank of Fighter. The Dungeons of Doom: levels 1 to 3 Level 1: A fountain. Level 2: A fountain. Stairs down to The Gnomish Mines. Level 3: The Gnomish Mines: levels 3 to 7 Level 3: Level 4: Level 5: Level 6: <- You were here. A temple and an altar, many fountains. Final resting place for you, killed by a watch captain, while praying. Level 7: Game over: ---------- / \ / REST \ / IN \ / PEACE \ / \ | laycre | | 17 Au | | killed by a | | watch captain | | | | | | 2024 | *| * * * | * _________)/\\_//(\/(/\)/\//\/|_)_______ Farvel laycre the Valkyrie... You died in The Gnomish Mines on dungeon level 6 with 1752 points, and 17 pieces of gold, after 2761 moves. You were level 6 with a maximum of 59 hit points when you died.